Senators vs Stars

Created - Monday, November 30, 2015 at 01:55

Goals
1 2 3 OT1 SO T
Senators 1 0 0 0 3 2
Stars 0 1 0 0 2 1
Shots
1 2 3 OT1 SO T
Senators 8 8 7 3 4 26
Stars 2 14 9 3 4 28

1st period

1. Senators , Mike Brown 5 (Cody Hodgson, Ryan Craig) at 17:12

Penalties :
Stefan Noesen (BIN) for Holding Stick (Minor) at 1:44, Zach Sill (TEX) for Hooking (Minor) at 8:53

2nd period

2. Stars , Zac Dalpe 7 (John Albert) at 15:11

Penalties :
Matt Finn (BIN) for Roughing (Minor) at 3:26, Cameron Gaunce (TEX) for Tripping (Minor) at 10:26

3rd period

No Goal

Penalties :
Zach Sill (TEX) for Fighting (Major) at 0:09, Ryan Craig (BIN) for Fighting (Major) at 0:09, Joe Finley (BIN) for Delaying the game (Minor) at 1:27

Overtime #1

No Goal

Penalties :
No Penalty

Shootout

Penalty Shot by Cody Hodgson for Senators - Goal!
Penalty Shot by Jason Williams for Stars - Stopped by Jean-Francois Berube
Penalty Shot by Ryan Craig for Senators - Goal!
Penalty Shot by Brad Malone for Stars - Goal!
Penalty Shot by Mike Brown for Senators - Shot Misses the Net
Penalty Shot by Zach Sill for Stars - Goal!
Penalty Shot by Josh Leivo for Senators - Goal!
Penalty Shot by Brandon Kozun for Stars - Shot Misses the Net

Penalties :
No Penalty

Goalie Stats

Jean-Francois Berube (BIN), 27 saves from 28 shots - (0.964), W, 9-8-6, 65:00 minutes
Jeff Malcolm (TEX), 25 saves from 26 shots - (0.962), OTL, 0-2-3, 65:00 minutes

Players Stats for Senators

Player Name              G  A  P  +/- PIM S  H  SB GA TA FO     MP     PP MP  PK MP  
------------------------------------------------------------------------------------
Brad Ross                0  0  0   0  0   2  1  0  0  0  0/1     9:03   0:00   0:00 
Cody Hodgson             0  1  1   1  0   1  0  1  1  1  14/20  24:13   1:46   4:05 
Colton Orr               0  0  0   0  0   1  2  0  1  0  0/0     9:03   0:00   0:00 
Evan Trupp               0  0  0   0  0   0  1  0  2  0  3/11   15:59   1:49   0:26 
Greg Nemisz              0  0  0   0  0   2  0  0  2  3  1/2    14:30   1:49   0:00 
Griffin Reinhart         0  0  0  -1  0   2  2  2  0  1  0/0    27:45   2:23   3:58 
Jesse Blacker            0  0  0  -1  0   0  2  4  0  1  0/0    27:45   2:23   3:58 
Joe Finley               0  0  0   0  2   0  2  1  0  0  0/0    22:01   1:35   1:21 
Josh Leivo               0  0  0   0  0   1  2  0  4  2  0/0    19:23   1:49   1:45 
Kenny Ryan               0  0  0  -1  0   2  3  1  1  4  0/0    14:56   0:00   0:00 
Matt Finn                0  0  0   1  2   2  0  0  0  1  0/0    15:20   0:00   0:00 
Mike Brown               1  0  1   1  0   3  2  0  8  0  0/0    16:39   2:09   0:57 
Philip McRae             0  0  0  -1  0   2  1  1  0  1  1/4    13:44   0:00   0:00 
Ryan Craig               0  1  1   1  5   0  2  1  10 1  1/1    19:35   2:09   2:58 
Stefan Noesen            0  0  0  -1  2   5  2  0  5  0  1/2    16:52   0:00   1:43 
Tom Nilsson              0  0  0   1  0   0  1  0  0  0  0/0    16:14   0:00   0:38 
Tyler Biggs              0  0  0   0  0   1  1  0  0  0  0/0     8:33   0:23   0:00 
Viktor Loov              0  0  0   0  0   2  3  1  1  5  0/0    22:19   1:35   1:59 

Players Stats for Stars

Player Name              G  A  P  +/- PIM S  H  SB GA TA FO     MP     PP MP  PK MP  
------------------------------------------------------------------------------------
Alexandre Grenier        0  0  0   0  0   0  1  1  1  1  0/0    17:57   2:11   0:00 
Austin Madaisky          0  0  0   0  0   1  2  0  0  3  0/0    24:00   2:04   1:59 
Brad Malone              0  0  0   0  0   1  3  2  5  2  8/11   19:45   2:11   2:02 
Brandon Kozun            0  0  0   0  0   3  3  0  6  2  2/5    22:06   2:45   0:00 
Brent Sopel              0  0  0   0  0   0  0  3  1  3  0/0    24:09   0:00   0:00 
Bruno Gervais            0  0  0  -1  0   1  1  4  0  1  0/0    30:12   3:53   1:59 
Cameron Gaunce           0  0  0  -1  2   1  5  1  0  3  0/0    28:10   5:10   1:59 
Dalton Smith             0  0  0   0  0   0  1  0  0  0  0/0     2:31   0:00   0:00 
Jason Williams           0  0  0   0  0   0  0  0  1  0  2/2    16:39   0:00   0:00 
John Albert              0  1  1   0  0   0  2  1  2  1  1/1    16:27   0:00   1:30 
Jonathan Diaby           0  0  0   0  0   0  0  0  0  1  0/0     6:09   0:47   1:59 
Justin Shugg             0  0  0  -1  0   4  0  0  0  0  0/1    17:20   0:18   2:06 
Miikka Salomaki          0  0  0   0  0   3  0  0  4  0  4/8    13:49   0:00   1:28 
Nicholas Rioux           0  0  0   1  0   2  0  0  0  0  0/0    11:47   0:00   0:00 
Paul Thompson            0  0  0   0  0   4  1  0  3  3  0/2    24:17   3:46   0:00 
Rocco Grimaldi           0  0  0   0  0   1  1  0  0  0  0/0     4:53   0:26   0:00 
Zac Dalpe                1  0  1   1  0   5  0  1  5  3  3/10   14:56   3:46   0:00 
Zach Sill                0  0  0   1  7   2  5  1  1  2  0/1    20:47   2:28   0:50 

3 Stars

1 - Jean-Francois Berube (BIN)
2 - Jeff Malcolm (TEX)
3 - Mike Brown (BIN)

Power Play

Senators - 0 on 2 Attempt(s) - 0.00%
Stars - 0 on 3 Attempt(s) - 0.00%

Penalty Kill

Senators - 3 on 3 Attempt(s) - 100.00% - Score 0 goal in Penalty Kill
Stars - 2 on 2 Attempt(s) - 100.00% - Score 0 goal in Penalty Kill

Team Stat

Senators - Hits : 27 - Faceoff Wins : 21 - Blocked Shots : 12 - Penalty Minutes : 11
Stars - Hits : 25 - Faceoff Wins : 20 - Blocked Shots : 14 - Penalty Minutes : 9

Official

Referees : Unknown
Linesman : Unknown

Game Notes

Jonathan Diaby is injured at 14:32 of 1st period (Left Knee)
Ryan Craig beats up Zach Sill at 0:09 of 3rd period

Finance

Level 1 -- Attendance: 1469 (73.45%) -- Ticket Income $51,415
Level 2 -- Attendance: 685 (68.50%) -- Ticket Income $10,275
Total Attendance: 2154 (71.80%)
Total Ticket Income: $61,690
Other Income: $30,228
Total Income: $91,918

Senators

5 vs 5 Forward 
   Center                   Left Wing                Right Wing               Time % Phy DF OF 
 1 Cody Hodgson             Ryan Craig               Mike Brown               35     1   2  2  
 2 Evan Trupp               Josh Leivo               Greg Nemisz              30     1   2  2  
 3 Philip McRae             Stefan Noesen            Kenny Ryan               22     1   2  2  
 4 Cody Hodgson             Brad Ross                Colton Orr               13     1   2  2  

5 vs 5 Defense 
   Defense                  Defense                                           Time % Phy DF OF 
 1 Jesse Blacker            Griffin Reinhart                                  35     1   2  2  
 2 Joe Finley               Viktor Loov                                       30     1   2  2  
 3 Matt Finn                Tom Nilsson                                       22     1   2  2  
 4 Jesse Blacker            Griffin Reinhart                                  13     1   2  2  

PowerPlay Forward 
   Center                   Left Wing                Right Wing               Time % Phy DF OF 
 1 Cody Hodgson             Ryan Craig               Mike Brown               60     1   2  2  
 2 Evan Trupp               Josh Leivo               Greg Nemisz              40     1   2  2  

PowerPlay Defense
   Defense                  Defense                                           Time % Phy DF OF 
 1 Jesse Blacker            Griffin Reinhart                                  60     1   2  2  
 2 Joe Finley               Viktor Loov                                       40     1   2  2  

Penalty Kill 4 Players Forward 
   Center                   Wing                     Time % Phy DF OF 
 1 Cody Hodgson             Ryan Craig               60     1   2  2  
 2 Mike Brown               Josh Leivo               40     1   2  2  

Penalty Kill 4 Players Defense
   Defense                  Defense                  Time % Phy DF OF 
 1 Jesse Blacker            Griffin Reinhart         60     1   2  2  
 2 Joe Finley               Viktor Loov              40     1   2  2  

Penalty Kill - 3 Players Forward 
   Forward                                           Time % Phy DF OF 
 1 Cody Hodgson                                      60     1   2  2  
 2 Ryan Craig                                        40     1   2  2  

Penalty Kill - 3 Players Defense
   Defense                  Defense                  Time % Phy DF OF 
 1 Jesse Blacker            Griffin Reinhart         60     1   2  2  
 2 Joe Finley               Viktor Loov              40     1   2  2  

4 vs 4 Forward 
   Center                   Wing                     Time % Phy DF OF 
 1 Cody Hodgson             Ryan Craig               60     1   2  2  
 2 Mike Brown               Josh Leivo               40     1   2  2  

4 vs 4 Defense
   Defense                  Defense                  Time % Phy DF OF 
 1 Jesse Blacker            Griffin Reinhart         60     1   2  2  
 2 Joe Finley               Viktor Loov              40     1   2  2  

Last Minutes Offensive
   Center                   Left Wing                Right Wing               Defense                  Defense                  
   Cody Hodgson             Ryan Craig               Mike Brown               Jesse Blacker            Griffin Reinhart         

Last Minutes Defensive
   Center                   Left Wing                Right Wing               Defense                  Defense                  
   Cody Hodgson             Ryan Craig               Mike Brown               Jesse Blacker            Griffin Reinhart         

Goaltenders
Starting : Jean-Francois Berube     
Backup : Cedrick Desjardins       

Extra Forwards
Normal : Tyler Biggs, Kenny Ryan, Stefan Noesen - PP : Tyler Biggs, Kenny Ryan - PK : Stefan Noesen
Extra Defensemen
Normal : Matt Finn, Tom Nilsson, Joe Finley - PP : Matt Finn - PK : Tom Nilsson, Joe Finley
Penalty Shots
Cody Hodgson, Ryan Craig, Mike Brown, Josh Leivo, Greg Nemisz

Stars

5 vs 5 Forward 
   Center                   Left Wing                Right Wing               Time % Phy DF OF 
 1 Zac Dalpe                Paul Thompson            Zach Sill                35     1   2  2  
 2 Brad Malone              Brandon Kozun            Alexandre Grenier        30     1   2  2  
 3 Paul Thompson            John Albert              Justin Shugg             22     1   2  2  
 4 Miikka Salomaki          Jason Williams           Zach Sill                13     1   2  2  

5 vs 5 Defense 
   Defense                  Defense                                           Time % Phy DF OF 
 1 Jonathan Diaby           Bruno Gervais                                     35     1   2  2  
 2 Cameron Gaunce           Austin Madaisky                                   30     1   2  2  
 3 Bruno Gervais            Jonathan Diaby                                    22     1   2  2  
 4 Brent Sopel              Bruno Gervais                                     13     1   2  2  

PowerPlay Forward 
   Center                   Left Wing                Right Wing               Time % Phy DF OF 
 1 Zac Dalpe                Paul Thompson            Zach Sill                60     1   2  2  
 2 Brad Malone              Brandon Kozun            Alexandre Grenier        40     1   2  2  

PowerPlay Defense
   Defense                  Defense                                           Time % Phy DF OF 
 1 Jonathan Diaby           Bruno Gervais                                     60     1   2  2  
 2 Cameron Gaunce           Austin Madaisky                                   40     1   2  2  

Penalty Kill 4 Players Forward 
   Center                   Wing                     Time % Phy DF OF 
 1 Brad Malone              Zach Sill                60     1   2  2  
 2 Brandon Kozun            Paul Thompson            40     1   2  2  

Penalty Kill 4 Players Defense
   Defense                  Defense                  Time % Phy DF OF 
 1 Austin Madaisky          Bruno Gervais            60     1   2  2  
 2 Jonathan Diaby           Cameron Gaunce           40     1   2  2  

Penalty Kill - 3 Players Forward 
   Forward                                           Time % Phy DF OF 
 1 Zach Sill                                         60     1   2  2  
 2 Justin Shugg                                      40     1   2  2  

Penalty Kill - 3 Players Defense
   Defense                  Defense                  Time % Phy DF OF 
 1 Cameron Gaunce           Austin Madaisky          60     1   2  2  
 2 Brent Sopel              Bruno Gervais            40     1   2  2  

4 vs 4 Forward 
   Center                   Wing                     Time % Phy DF OF 
 1 Brandon Kozun            Paul Thompson            60     1   2  2  
 2 Zach Sill                John Albert              40     1   2  2  

4 vs 4 Defense
   Defense                  Defense                  Time % Phy DF OF 
 1 Bruno Gervais            Cameron Gaunce           60     1   2  2  
 2 Jonathan Diaby           Austin Madaisky          40     1   2  2  

Last Minutes Offensive
   Center                   Left Wing                Right Wing               Defense                  Defense                  
   Zac Dalpe                Zach Sill                Brad Malone              Cameron Gaunce           Bruno Gervais            

Last Minutes Defensive
   Center                   Left Wing                Right Wing               Defense                  Defense                  
   Zac Dalpe                Zach Sill                Brad Malone              Cameron Gaunce           Bruno Gervais            

Goaltenders
Starting : Jeff Malcolm             
Backup : FARM GOALIE19            

Extra Forwards
Normal : Jason Williams, Paul Thompson, Zach Sill - PP : Paul Thompson, Zach Sill - PK : Miikka Salomaki
Extra Defensemen
Normal : Brent Sopel, Jonathan Diaby, Bruno Gervais - PP : Bruno Gervais - PK : Austin Madaisky, Bruno Gervais
Penalty Shots
Jason Williams, Brad Malone, Zach Sill, Brandon Kozun, Paul Thompson

% Time on Ice - Senators

Lines # - Real PCT - Wanted PCT - Time Play
Normal Forward
1 - 27% - 35% - 13:41
2 - 27% - 30% - 13:36
3 - 27% - 22% - 13:45
4 - 18% - 13% - 9:03
Normal Defense
1 - 30% - 35% - 15:13
2 - 33% - 30% - 16:21
3 - 30% - 22% - 14:56
4 - 7% - 13% - 3:35
PP Forward
1 - 54% - 60% - 2:09
2 - 46% - 40% - 1:49
PP Defense
1 - 60% - 60% - 2:23
2 - 40% - 40% - 1:35
PK Forward
1 - 84% - 60% - 5:00
2 - 16% - 40% - 0:57
PK Defense
1 - 67% - 60% - 3:58
2 - 33% - 40% - 1:59
PK3 Forward
1 - 0% - 60%
2 - 0% - 40%
PK3 Defense
1 - 0% - 60%
2 - 0% - 40%
44 Forward
1 - 100% - 60% - 5:00
2 - 0% - 40% - 0:00
44 Defense
1 - 59% - 60% - 2:56
2 - 41% - 40% - 2:04
Last Minute Offensive  - 0:00
Last Minute Defensive  - 0:00
Total
Forward - 65:00
Defense - 65:00

% Time on Ice - Stars

Lines # - Real PCT - Wanted PCT - Time Play
Normal Forward
1 - 24% - 35% - 12:04
2 - 29% - 30% - 14:30
3 - 22% - 22% - 11:14
4 - 25% - 13% - 12:17
Normal Defense
1 - 45% - 35% - 22:24
2 - 22% - 30% - 11:16
3 - 24% - 22% - 12:09
4 - 9% - 13% - 4:16
PP Forward
1 - 63% - 60% - 3:46
2 - 37% - 40% - 2:11
PP Defense
1 - 65% - 60% - 3:53
2 - 35% - 40% - 2:04
PK Forward
1 - 100% - 60% - 3:58
2 - 0% - 40% - 0:00
PK Defense
1 - 50% - 60% - 1:59
2 - 50% - 40% - 1:59
PK3 Forward
1 - 0% - 60%
2 - 0% - 40%
PK3 Defense
1 - 0% - 60%
2 - 0% - 40%
44 Forward
1 - 100% - 60% - 5:00
2 - 0% - 40% - 0:00
44 Defense
1 - 50% - 60% - 2:30
2 - 50% - 40% - 2:30
Last Minute Offensive  - 0:00
Last Minute Defensive  - 0:00
Total
Forward - 65:00
Defense - 65:00

Play by Play

1st period


0:01 of 1st period - Cody Hodgson wins face-off versus Zac Dalpe in neutral zone.
0:53 of 1st period - Joe Finley is hit by Brad Malone.
1:15 of 1st period - Wrist shot by Greg Nemisz.
1:15 of 1st period - Stopped by Jeff Malcolm with a rebound.
1:44 of 1st period - Minor Penalty to Stefan Noesen for Holding Stick.
1:45 of 1st period - Cody Hodgson wins face-off versus Paul Thompson in Senators zone.
1:52 of 1st period - Off-side.
1:53 of 1st period - Cody Hodgson wins face-off versus Zac Dalpe in neutral zone.
2:26 of 1st period - Brandon Kozun is hit by Ryan Craig and loses puck.
2:55 of 1st period - Viktor Loov is hit by Austin Madaisky and loses puck.
3:44 of 1st period - Penalty to Stefan Noesen is over, Stefan Noesen is back on ice.
4:08 of 1st period - Wrist shot by Philip McRae.
4:08 of 1st period - Stopped by Jeff Malcolm with a rebound.
4:10 of 1st period - Snap shot by Stefan Noesen.
4:10 of 1st period - Shot Blocked by Bruno Gervais.
4:12 of 1st period - Slapshot by Matt Finn.
4:12 of 1st period - Stopped by Jeff Malcolm without a rebound.
4:13 of 1st period - Philip McRae wins face-off versus Miikka Salomaki in Stars zone.
4:43 of 1st period - Icing by Alexandre Grenier.
4:44 of 1st period - Greg Nemisz wins face-off versus Brad Malone in Stars zone.
4:49 of 1st period - Wrist shot by Evan Trupp.
4:49 of 1st period - Deflect By Josh Leivo.
4:49 of 1st period - Shot Blocked by Alexandre Grenier.
4:49 of 1st period - Puck is out of play.
4:50 of 1st period - Brad Malone wins face-off versus Greg Nemisz in Stars zone.
4:50 of 1st period - Brad Malone is hit by Viktor Loov.
5:18 of 1st period - Wrist shot by Justin Shugg.
5:18 of 1st period - Shot Misses the Net.
6:27 of 1st period - Brad Malone is hit by Philip McRae and loses puck.
6:36 of 1st period - Snap shot by Philip McRae.
6:36 of 1st period - Shot Blocked by Brad Malone.
7:10 of 1st period - Wrist shot by Brad Ross.
7:10 of 1st period - Stopped by Jeff Malcolm without a rebound.
7:11 of 1st period - Miikka Salomaki wins face-off versus Evan Trupp in Stars zone.
8:13 of 1st period - Snap shot by Stefan Noesen.
8:13 of 1st period - Stopped by Jeff Malcolm with a rebound.
8:15 of 1st period - Snap shot by Kenny Ryan.
8:15 of 1st period - Stopped by Jeff Malcolm with a rebound.
8:17 of 1st period - Slapshot by Jesse Blacker.
8:17 of 1st period - Shot Blocked by Bruno Gervais.
8:53 of 1st period - Minor Penalty to Zach Sill for Hooking.
8:54 of 1st period - Brad Malone wins face-off versus Evan Trupp in Stars zone.
8:58 of 1st period - Snap shot by Miikka Salomaki.
8:58 of 1st period - Shot Misses the Net.
10:06 of 1st period - Justin Shugg is hit by Jesse Blacker and loses puck.
10:37 of 1st period - Cody Hodgson is hit by John Albert and loses puck.
10:46 of 1st period - Ryan Craig is hit by Cameron Gaunce and loses puck.
10:53 of 1st period - Penalty to Zach Sill is over, Zach Sill is back on ice.
11:11 of 1st period - Wrist shot by Paul Thompson.
11:11 of 1st period - Shot Misses the Net.
11:21 of 1st period - Griffin Reinhart is hit by Zach Sill and loses puck.
12:14 of 1st period - Zach Sill is hit by Tom Nilsson and loses puck.
12:23 of 1st period - Matt Finn is hit by Zach Sill and loses puck.
12:34 of 1st period - Colton Orr is hit by Paul Thompson and loses puck.
13:03 of 1st period - Viktor Loov is hit by Alexandre Grenier and loses puck.
13:40 of 1st period - Miikka Salomaki is hit by Viktor Loov and loses puck.
14:20 of 1st period - Philip McRae is hit by Cameron Gaunce and loses puck.
14:31 of 1st period - Jonathan Diaby is hit by Stefan Noesen and loses puck.
14:32 of 1st period - Jonathan Diaby from Stars is injured at 14:32 of 1st period (Left Knee).
14:33 of 1st period - Zac Dalpe wins face-off versus Cody Hodgson in Stars zone.
14:53 of 1st period - Wrist shot by Mike Brown.
14:53 of 1st period - Shot Misses the Net.
14:55 of 1st period - Slapshot by Jesse Blacker.
14:55 of 1st period - Shot Misses the Net.
14:57 of 1st period - Snap shot by Ryan Craig.
14:57 of 1st period - Shot Misses the Net.
14:59 of 1st period - Snap shot by Mike Brown.
14:59 of 1st period - Shot Blocked by Zach Sill.
15:01 of 1st period - Slapshot by Griffin Reinhart.
15:01 of 1st period - Stopped by Jeff Malcolm without a rebound.
15:02 of 1st period - Brad Malone wins face-off versus Evan Trupp in Stars zone.
15:23 of 1st period - Evan Trupp is hit by Brad Malone and loses puck.
16:10 of 1st period - Zac Dalpe is hit by Joe Finley and loses puck.
16:25 of 1st period - Backhand shot by Zac Dalpe.
16:25 of 1st period - Shot Misses the Net.
16:27 of 1st period - Wrist shot by Cameron Gaunce.
16:27 of 1st period - Stopped by Jean-Francois Berube with a rebound.
16:37 of 1st period - Austin Madaisky is hit by Griffin Reinhart and loses puck.
17:12 of 1st period - Slapshot by Mike Brown.
17:12 of 1st period - Goal by Mike Brown - Senators : 1 - Stars : 0.
17:13 of 1st period - Evan Trupp wins face-off versus Miikka Salomaki in neutral zone.
17:16 of 1st period - Brent Sopel is hit by Josh Leivo and loses puck.
17:26 of 1st period - Icing by Zach Sill.
17:27 of 1st period - Jason Williams wins face-off versus Evan Trupp in Stars zone.
17:32 of 1st period - Snap shot by Josh Leivo.
17:32 of 1st period - Shot Misses the Net.
17:49 of 1st period - Jesse Blacker is hit by Zach Sill and loses puck.
18:00 of 1st period - Josh Leivo is hit by Brandon Kozun and loses puck.
18:24 of 1st period - Slapshot by Mike Brown.
18:24 of 1st period - Shot Misses the Net.
19:21 of 1st period - Miikka Salomaki is hit by Griffin Reinhart and loses puck.
19:36 of 1st period - Wrist shot by Stefan Noesen.
19:36 of 1st period - Shot Misses the Net.
19:38 of 1st period - Wrist shot by Kenny Ryan.
19:38 of 1st period - Deflect By Jason Williams.
19:38 of 1st period - Shot Misses the Net.
19:38 of 1st period - Puck is out of play.
19:39 of 1st period - Brad Malone wins face-off versus Evan Trupp in Stars zone.
19:50 of 1st period - Wrist shot by Brad Malone.
19:50 of 1st period - Stopped by Jean-Francois Berube without a rebound.
19:51 of 1st period - Evan Trupp wins face-off versus Brad Malone in Senators zone.
Goals for this period are 1 for Senators vs 0 for Stars.
Shots for this period are 8 for Senators vs 2 for Stars.

2nd period


0:01 of 2nd period - Cody Hodgson wins face-off versus Zach Sill in neutral zone.
0:12 of 2nd period - Slapshot by Mike Brown.
0:12 of 2nd period - Shot Misses the Net.
0:14 of 2nd period - Wrist shot by Griffin Reinhart.
0:14 of 2nd period - Stopped by Jeff Malcolm without a rebound.
0:15 of 2nd period - Cody Hodgson wins face-off versus Zac Dalpe in Stars zone.
1:22 of 2nd period - Snap shot by Alexandre Grenier.
1:22 of 2nd period - Shot Misses the Net.
1:36 of 2nd period - Snap shot by Justin Shugg.
1:36 of 2nd period - Shot Misses the Net.
1:48 of 2nd period - Wrist shot by John Albert.
1:48 of 2nd period - Shot Misses the Net.
1:50 of 2nd period - Wrist shot by Justin Shugg.
1:50 of 2nd period - Shot Misses the Net.
1:52 of 2nd period - Slapshot by Justin Shugg.
1:52 of 2nd period - Deflect By Kenny Ryan.
1:52 of 2nd period - Stopped by Jean-Francois Berube with a rebound.
1:54 of 2nd period - Slapshot by Bruno Gervais.
1:54 of 2nd period - Deflect By Paul Thompson.
1:54 of 2nd period - Stopped by Jean-Francois Berube without a rebound.
1:55 of 2nd period - Cody Hodgson wins face-off versus Miikka Salomaki in Senators zone.
2:08 of 2nd period - Slapshot by Miikka Salomaki.
2:08 of 2nd period - Stopped by Jean-Francois Berube without a rebound.
2:09 of 2nd period - Miikka Salomaki wins face-off versus Brad Ross in Senators zone.
2:48 of 2nd period - Wrist shot by Kenny Ryan.
2:48 of 2nd period - Shot Misses the Net.
2:58 of 2nd period - Viktor Loov is hit by Bruno Gervais and loses puck.
3:10 of 2nd period - Brandon Kozun is hit by Kenny Ryan and loses puck.
3:26 of 2nd period - Minor Penalty to Matt Finn for Roughing.
3:27 of 2nd period - Zac Dalpe wins face-off versus Cody Hodgson in Senators zone.
3:37 of 2nd period - Snap shot by Paul Thompson.
3:37 of 2nd period - Stopped by Jean-Francois Berube with a rebound.
3:39 of 2nd period - Snap shot by Paul Thompson.
3:39 of 2nd period - Shot Blocked by Cody Hodgson.
3:43 of 2nd period - Wrist shot by Zach Sill.
3:43 of 2nd period - Shot Blocked by Jesse Blacker.
3:45 of 2nd period - Slapshot by Austin Madaisky.
3:45 of 2nd period - Shot Blocked by Griffin Reinhart.
3:47 of 2nd period - Snap shot by Zach Sill.
3:47 of 2nd period - Stopped by Jean-Francois Berube with a rebound.
3:49 of 2nd period - Wrist shot by Zac Dalpe.
3:49 of 2nd period - Stopped by Jean-Francois Berube with a rebound.
3:51 of 2nd period - Slapshot by Austin Madaisky.
3:51 of 2nd period - Stopped by Jean-Francois Berube with a rebound.
3:53 of 2nd period - Snap shot by Paul Thompson.
3:53 of 2nd period - Shot Misses the Net.
4:17 of 2nd period - Cody Hodgson is hit by Brandon Kozun and loses puck.
4:32 of 2nd period - Jesse Blacker is hit by Cameron Gaunce and loses puck.
4:52 of 2nd period - Wrist shot by Brandon Kozun.
4:52 of 2nd period - Stopped by Jean-Francois Berube without a rebound.
4:53 of 2nd period - Cody Hodgson wins face-off versus Brad Malone in Senators zone.
5:02 of 2nd period - Ryan Craig is hit by Brandon Kozun and loses puck.
5:26 of 2nd period - Penalty to Matt Finn is over, Matt Finn is back on ice.
5:49 of 2nd period - Brent Sopel is hit by Mike Brown and loses puck.
6:02 of 2nd period - Snap shot by Mike Brown.
6:02 of 2nd period - Stopped by Jeff Malcolm with a rebound.
6:04 of 2nd period - Slapshot by Matt Finn.
6:04 of 2nd period - Stopped by Jeff Malcolm without a rebound.
6:05 of 2nd period - Brandon Kozun wins face-off versus Philip McRae in Stars zone.
7:24 of 2nd period - Snap shot by Justin Shugg.
7:24 of 2nd period - Shot Blocked by Joe Finley.
7:26 of 2nd period - Wrist shot by Paul Thompson.
7:26 of 2nd period - Stopped by Jean-Francois Berube with a rebound.
7:28 of 2nd period - Wrist shot by Brent Sopel.
7:28 of 2nd period - Shot Misses the Net.
7:30 of 2nd period - Snap shot by Nicholas Rioux.
7:30 of 2nd period - Stopped by Jean-Francois Berube with a rebound.
8:34 of 2nd period - Backhand shot by Alexandre Grenier.
8:34 of 2nd period - Shot Blocked by Viktor Loov.
8:56 of 2nd period - Snap shot by Stefan Noesen.
8:56 of 2nd period - Stopped by Jeff Malcolm without a rebound.
8:57 of 2nd period - Miikka Salomaki wins face-off versus Stefan Noesen in Stars zone.
8:57 of 2nd period - Miikka Salomaki is hit by Kenny Ryan.
9:50 of 2nd period - Snap shot by Mike Brown.
9:50 of 2nd period - Stopped by Jeff Malcolm without a rebound.
9:51 of 2nd period - Cody Hodgson wins face-off versus Miikka Salomaki in Stars zone.
10:26 of 2nd period - Minor Penalty to Cameron Gaunce for Tripping.
10:27 of 2nd period - Brad Malone wins face-off versus Cody Hodgson in Stars zone.
11:54 of 2nd period - Austin Madaisky is hit by Evan Trupp and loses puck.
12:26 of 2nd period - Penalty to Cameron Gaunce is over, Cameron Gaunce is back on ice.
12:52 of 2nd period - Slapshot by Zac Dalpe.
12:52 of 2nd period - Stopped by Jean-Francois Berube with a rebound.
13:24 of 2nd period - Snap shot by Philip McRae.
13:24 of 2nd period - Shot Misses the Net.
13:26 of 2nd period - Slapshot by Matt Finn.
13:26 of 2nd period - Shot Misses the Net.
13:28 of 2nd period - Snap shot by Stefan Noesen.
13:28 of 2nd period - Shot Blocked by Cameron Gaunce.
13:30 of 2nd period - Wrist shot by Stefan Noesen.
13:30 of 2nd period - Stopped by Jeff Malcolm with a rebound.
13:32 of 2nd period - Slapshot by Stefan Noesen.
13:32 of 2nd period - Shot Hit the Post.
13:34 of 2nd period - Slapshot by Matt Finn.
13:34 of 2nd period - Shot Misses the Net.
13:36 of 2nd period - Snap shot by Philip McRae.
13:36 of 2nd period - Shot Misses the Net.
13:44 of 2nd period - Wrist shot by Stefan Noesen.
13:44 of 2nd period - Shot Misses the Net.
13:46 of 2nd period - Snap shot by Kenny Ryan.
13:46 of 2nd period - Stopped by Jeff Malcolm with a rebound.
14:45 of 2nd period - Wrist shot by Miikka Salomaki.
14:45 of 2nd period - Deflect By Zach Sill.
14:45 of 2nd period - Stopped by Jean-Francois Berube with a rebound.
14:47 of 2nd period - Snap shot by John Albert.
14:47 of 2nd period - Shot Misses the Net.
15:09 of 2nd period - Slapshot by John Albert.
15:09 of 2nd period - Shot Blocked by Kenny Ryan.
15:11 of 2nd period - Wrist shot by Zac Dalpe.
15:11 of 2nd period - Goal by Zac Dalpe - Senators : 1 - Stars : 1.
15:12 of 2nd period - Miikka Salomaki wins face-off versus Philip McRae in neutral zone.
15:23 of 2nd period - Backhand shot by Miikka Salomaki.
15:23 of 2nd period - Shot Misses the Net.
15:41 of 2nd period - Brent Sopel is hit by Stefan Noesen and loses puck.
15:54 of 2nd period - Wrist shot by Justin Shugg.
15:54 of 2nd period - Stopped by Jean-Francois Berube without a rebound.
15:55 of 2nd period - John Albert wins face-off versus Evan Trupp in Senators zone.
17:35 of 2nd period - Backhand shot by Stefan Noesen.
17:35 of 2nd period - Stopped by Jeff Malcolm with a rebound.
19:52 of 2nd period - Snap shot by Jason Williams.
19:52 of 2nd period - Shot Misses the Net.
19:54 of 2nd period - Snap shot by Jason Williams.
19:54 of 2nd period - Shot Misses the Net.
19:56 of 2nd period - Wrist shot by Miikka Salomaki.
19:56 of 2nd period - Shot Blocked by Ryan Craig.
Goals for this period are 0 for Senators vs 1 for Stars.
Shots for this period are 8 for Senators vs 14 for Stars.

3rd period


0:01 of 3rd period - Cody Hodgson wins face-off versus Zac Dalpe in neutral zone.
0:09 of 3rd period - Ryan Craig beats up Zach Sill.
0:09 of 3rd period - Penalty to Zach Sill for Fighting.
0:09 of 3rd period - Penalty to Ryan Craig for Fighting.
0:10 of 3rd period - Zac Dalpe wins face-off versus Cody Hodgson in Senators zone.
0:13 of 3rd period - Wrist shot by Paul Thompson.
0:13 of 3rd period - Shot Misses the Net.
0:15 of 3rd period - Wrist shot by Jason Williams.
0:15 of 3rd period - Shot Misses the Net.
0:17 of 3rd period - Slapshot by Brent Sopel.
0:17 of 3rd period - Shot Misses the Net.
0:19 of 3rd period - Snap shot by Zac Dalpe.
0:19 of 3rd period - Stopped by Jean-Francois Berube without a rebound.
0:20 of 3rd period - Cody Hodgson wins face-off versus Zac Dalpe in Senators zone.
0:49 of 3rd period - Snap shot by Zac Dalpe.
0:49 of 3rd period - Shot Misses the Net.
0:54 of 3rd period - Slapshot by Bruno Gervais.
0:54 of 3rd period - Shot Blocked by Jesse Blacker.
0:56 of 3rd period - Slapshot by Bruno Gervais.
0:56 of 3rd period - Stopped by Jean-Francois Berube without a rebound.
0:57 of 3rd period - Brandon Kozun wins face-off versus Evan Trupp in Senators zone.
1:27 of 3rd period - Minor Penalty to Joe Finley for Delaying the game.
1:28 of 3rd period - Cody Hodgson wins face-off versus Paul Thompson in Senators zone.
1:40 of 3rd period - Slapshot by Brandon Kozun.
1:40 of 3rd period - Deflect By Paul Thompson.
1:40 of 3rd period - Shot Misses the Net.
1:40 of 3rd period - Puck is out of play.
1:41 of 3rd period - Cody Hodgson wins face-off versus Zac Dalpe in Senators zone.
2:00 of 3rd period - Snap shot by Brandon Kozun.
2:00 of 3rd period - Stopped by Jean-Francois Berube with a rebound.
2:32 of 3rd period - Griffin Reinhart is hit by Brad Malone and loses puck.
3:27 of 3rd period - Penalty to Joe Finley is over, Joe Finley is back on ice.
3:45 of 3rd period - Jason Williams is hit by Joe Finley and loses puck.
5:43 of 3rd period - Slapshot by Zac Dalpe.
5:43 of 3rd period - Stopped by Jean-Francois Berube with a rebound.
6:29 of 3rd period - Snap shot by John Albert.
6:29 of 3rd period - Deflect By Justin Shugg.
6:29 of 3rd period - Stopped by Jean-Francois Berube without a rebound.
6:30 of 3rd period - Brad Malone wins face-off versus Cody Hodgson in Senators zone.
7:32 of 3rd period - Evan Trupp is hit by Zach Sill and loses puck.
7:54 of 3rd period - Jason Williams is hit by Colton Orr.
8:14 of 3rd period - John Albert is hit by Brad Ross.
8:30 of 3rd period - Wrist shot by Stefan Noesen.
8:30 of 3rd period - Shot Misses the Net.
9:18 of 3rd period - Slapshot by Greg Nemisz.
9:18 of 3rd period - Stopped by Jeff Malcolm with a rebound.
9:20 of 3rd period - Slapshot by Viktor Loov.
9:20 of 3rd period - Shot Blocked by Brad Malone.
9:57 of 3rd period - Greg Nemisz is hit by Zach Sill and loses puck.
11:30 of 3rd period - Wrist shot by Greg Nemisz.
11:30 of 3rd period - Shot Blocked by Brent Sopel.
11:32 of 3rd period - Slapshot by Viktor Loov.
11:32 of 3rd period - Shot Blocked by John Albert.
11:34 of 3rd period - Wrist shot by Evan Trupp.
11:34 of 3rd period - Deflect By Josh Leivo.
11:34 of 3rd period - Stopped by Jeff Malcolm with a rebound.
11:36 of 3rd period - Wrist shot by Viktor Loov.
11:36 of 3rd period - Stopped by Jeff Malcolm without a rebound.
11:37 of 3rd period - Brad Malone wins face-off versus Evan Trupp in Stars zone.
12:14 of 3rd period - Snap shot by Zach Sill.
12:14 of 3rd period - Shot Misses the Net.
12:30 of 3rd period - Viktor Loov is hit by Cameron Gaunce and loses puck.
13:03 of 3rd period - Brent Sopel is hit by Tyler Biggs and loses puck.
13:12 of 3rd period - Wrist shot by Ryan Craig.
13:12 of 3rd period - Shot Misses the Net.
13:25 of 3rd period - Icing by Greg Nemisz.
13:26 of 3rd period - Evan Trupp wins face-off versus Zac Dalpe in Senators zone.
13:31 of 3rd period - Rocco Grimaldi is hit by Viktor Loov and loses puck.
14:27 of 3rd period - Cameron Gaunce is hit by Colton Orr and loses puck.
14:34 of 3rd period - Alexandre Grenier is hit by Jesse Blacker and loses puck.
15:03 of 3rd period - Jesse Blacker is hit by Rocco Grimaldi and loses puck.
15:20 of 3rd period - Nicholas Rioux is hit by Mike Brown and loses puck.
15:41 of 3rd period - Snap shot by Evan Trupp.
15:41 of 3rd period - Shot Blocked by Brent Sopel.
15:43 of 3rd period - Slapshot by Josh Leivo.
15:43 of 3rd period - Shot Misses the Net.
16:01 of 3rd period - Wrist shot by Philip McRae.
16:01 of 3rd period - Stopped by Jeff Malcolm without a rebound.
16:02 of 3rd period - Brad Malone wins face-off versus Philip McRae in Stars zone.
16:02 of 3rd period - Brad Malone is hit by Kenny Ryan.
16:55 of 3rd period - Greg Nemisz is hit by Dalton Smith and loses puck.
17:02 of 3rd period - Wrist shot by Zac Dalpe.
17:02 of 3rd period - Shot Misses the Net.
17:04 of 3rd period - Snap shot by Rocco Grimaldi.
17:04 of 3rd period - Stopped by Jean-Francois Berube with a rebound.
17:20 of 3rd period - Slapshot by Miikka Salomaki.
17:20 of 3rd period - Stopped by Jean-Francois Berube with a rebound.
17:22 of 3rd period - Snap shot by Nicholas Rioux.
17:22 of 3rd period - Stopped by Jean-Francois Berube with a rebound.
17:24 of 3rd period - Slapshot by Miikka Salomaki.
17:24 of 3rd period - Stopped by Jean-Francois Berube with a rebound.
17:26 of 3rd period - Snap shot by Jason Williams.
17:26 of 3rd period - Shot Misses the Net.
17:28 of 3rd period - Slapshot by Austin Madaisky.
17:28 of 3rd period - Shot Misses the Net.
18:14 of 3rd period - Wrist shot by Stefan Noesen.
18:14 of 3rd period - Shot Misses the Net.
18:16 of 3rd period - Snap shot by Philip McRae.
18:16 of 3rd period - Shot Misses the Net.
19:00 of 3rd period - Snap shot by Brad Ross.
19:00 of 3rd period - Shot Blocked by Bruno Gervais.
19:02 of 3rd period - Slapshot by Tom Nilsson.
19:02 of 3rd period - Shot Blocked by Zac Dalpe.
19:15 of 3rd period - Backhand shot by Colton Orr.
19:15 of 3rd period - Stopped by Jeff Malcolm with a rebound.
19:17 of 3rd period - Snap shot by Colton Orr.
19:17 of 3rd period - Shot Misses the Net.
19:19 of 3rd period - Slapshot by Viktor Loov.
19:19 of 3rd period - Shot Blocked by Bruno Gervais.
19:21 of 3rd period - Slapshot by Viktor Loov.
19:21 of 3rd period - Stopped by Jeff Malcolm with a rebound.
19:23 of 3rd period - Snap shot by Brad Ross.
19:23 of 3rd period - Stopped by Jeff Malcolm without a rebound.
19:24 of 3rd period - Jason Williams wins face-off versus Cody Hodgson in Stars zone.
19:59 of 3rd period - Wrist shot by Brandon Kozun.
19:59 of 3rd period - Shot Blocked by Philip McRae.
Goals for this period are 0 for Senators vs 0 for Stars.
Shots for this period are 7 for Senators vs 9 for Stars.

Overtime #1


0:01 of 1st overtime period - Cody Hodgson wins face-off versus Brandon Kozun in neutral zone.
0:18 of 1st overtime period - Snap shot by Paul Thompson.
0:18 of 1st overtime period - Stopped by Jean-Francois Berube with a rebound.
0:22 of 1st overtime period - Snap shot by Paul Thompson.
0:22 of 1st overtime period - Shot Blocked by Griffin Reinhart.
0:24 of 1st overtime period - Snap shot by Brandon Kozun.
0:24 of 1st overtime period - Stopped by Jean-Francois Berube without a rebound.
0:25 of 1st overtime period - Ryan Craig wins face-off versus Brandon Kozun in Senators zone.
0:44 of 1st overtime period - Snap shot by Cody Hodgson.
0:44 of 1st overtime period - Stopped by Jeff Malcolm without a rebound.
0:45 of 1st overtime period - Cody Hodgson wins face-off versus Brandon Kozun in Stars zone.
1:45 of 1st overtime period - Snap shot by Brandon Kozun.
1:45 of 1st overtime period - Shot Misses the Net.
2:01 of 1st overtime period - Wrist shot by Zach Sill.
2:01 of 1st overtime period - Shot Misses the Net.
2:13 of 1st overtime period - Slapshot by Tyler Biggs.
2:13 of 1st overtime period - Stopped by Jeff Malcolm with a rebound.
2:19 of 1st overtime period - Backhand shot by Kenny Ryan.
2:19 of 1st overtime period - Shot Misses the Net.
2:25 of 1st overtime period - Jesse Blacker is hit by Cameron Gaunce and loses puck.
2:50 of 1st overtime period - Brent Sopel is hit by Josh Leivo and loses puck.
3:03 of 1st overtime period - Wrist shot by Josh Leivo.
3:03 of 1st overtime period - Shot Blocked by Brent Sopel.
3:13 of 1st overtime period - Josh Leivo is hit by Austin Madaisky and loses puck.
3:49 of 1st overtime period - Wrist shot by Zach Sill.
3:49 of 1st overtime period - Shot Blocked by Jesse Blacker.
3:51 of 1st overtime period - Slapshot by Jason Williams.
3:51 of 1st overtime period - Shot Blocked by Jesse Blacker.
4:18 of 1st overtime period - Viktor Loov is hit by John Albert and loses puck.
4:23 of 1st overtime period - Snap shot by Justin Shugg.
4:23 of 1st overtime period - Stopped by Jean-Francois Berube without a rebound.
4:24 of 1st overtime period - Stefan Noesen wins face-off versus Justin Shugg in Senators zone.
4:29 of 1st overtime period - Snap shot by Stefan Noesen.
4:29 of 1st overtime period - Stopped by Jeff Malcolm with a rebound.
4:43 of 1st overtime period - Brandon Kozun is hit by Ryan Craig and loses puck.
4:54 of 1st overtime period - Wrist shot by Ryan Craig.
4:54 of 1st overtime period - Shot Misses the Net.
Goals for this period are 0 for Senators vs 0 for Stars.
Shots for this period are 3 for Senators vs 3 for Stars.

ShootOut


5:00 of 1st overtime period - Penalty Shot by Cody Hodgson for Senators.
5:00 of 1st overtime period - Wrist shot by Cody Hodgson.
5:00 of 1st overtime period - Goal by Cody Hodgson.
5:00 of 1st overtime period - Penalty Shot by Jason Williams for Stars.
5:00 of 1st overtime period - Deke by Jason Williams.
5:00 of 1st overtime period - Stopped by Jean-Francois Berube.
5:00 of 1st overtime period - Penalty Shot by Ryan Craig for Senators.
5:00 of 1st overtime period - Deke by Ryan Craig.
5:00 of 1st overtime period - Goal by Ryan Craig.
5:00 of 1st overtime period - Penalty Shot by Brad Malone for Stars.
5:00 of 1st overtime period - Wrist shot by Brad Malone.
5:00 of 1st overtime period - Goal by Brad Malone.
5:00 of 1st overtime period - Penalty Shot by Mike Brown for Senators.
5:00 of 1st overtime period - Deke by Mike Brown.
5:00 of 1st overtime period - Shot Misses the Net.
5:00 of 1st overtime period - Penalty Shot by Zach Sill for Stars.
5:00 of 1st overtime period - Backhand shot by Zach Sill.
5:00 of 1st overtime period - Goal by Zach Sill.
5:00 of 1st overtime period - Penalty Shot by Josh Leivo for Senators.
5:00 of 1st overtime period - Deke by Josh Leivo.
5:00 of 1st overtime period - Goal by Josh Leivo.
5:00 of 1st overtime period - Penalty Shot by Brandon Kozun for Stars.
5:00 of 1st overtime period - Snap shot by Brandon Kozun.
5:00 of 1st overtime period - Shot Misses the Net.